 Dungeon Crawl Stone Soup version 0.14.0-24-gfb45beb (webtiles) character file.

193 Kae the Firebug (level 5, -15/28 HPs)
             Began as a Tengu Fire Elementalist on Apr 23, 2014.
             Engulfed by a cloud of flame (23 damage)
             ... on Level 3 of the Dungeon.
             The game lasted 00:04:16 (2400 turns).

Kae the Firebug (Tengu Fire Elementalist)           Turns: 2400, Time: 00:04:16

HP -15/28        AC  4     Str  8      XL: 5   Next:  0%
MP  11/11        EV 12     Int 17      God:
Gold 78          SH  0     Dex 14      Spells:  3 memorised,  2 levels left

rFire  . . .     SeeInvis .     (no weapon)
rCold  . . .     Clarity  .     a - +0 robe
rNeg   . . .     Conserve .     (no shield)
rPois  .         rCorr    .     (helmet restricted)
rElec  .         rRot     .     (no cloak)
SustAb . .       Spirit   .     g - +1 pair of gloves
rMut   .         Warding  .     (boots unavailable)
Saprov . . .     Stasis   +     j - amulet of stasis
MR     .....                    (no ring)
                                (no ring)

@: not resistant to hostile enchantments, fairly stealthy
A: able to fly, beak, talons 3
a: Fly


You were on level 3 of the Dungeon.
You were hungry.

You visited 1 branch of the dungeon, and saw 3 of its levels.

You collected 78 gold pieces.

Inventory:

Armour
 a - a +0 robe (worn)
 g - a +1 pair of gloves (worn)
Comestibles
 c - 3 bread rations
 l - a rotting chunk of gnoll flesh
 m - 2 chunks of hobgoblin flesh
Scrolls
 d - 2 scrolls of remove curse
 f - a scroll of identify
Jewellery
 j - an amulet of stasis (around neck)
Potions
 k - a potion of brilliance {unknown}
 p - a potion of might {unknown}
Books
 b - a book of Flames

   Spells                             Type                      Level
   *Flame Tongue                      Conjuration/Fire             1
   *Throw Flame                       Conjuration/Fire             2
   *Conjure Flame                     Conjuration/Fire             3
   Inner Flame                        Hexes/Fire                   3
   Sticky Flame                       Conjuration/Fire             4
   Fireball                           Conjuration/Fire             5


   Skills:
 - Level 2.1 Dodging
 - Level 2.0 Stealth
 + Level 2.3 Spellcasting
 * Level 4.3 Conjurations
 * Level 4.5 Fire Magic


You had 2 spell levels left.
You knew the following spells:

 Your Spells              Type           Power        Failure   Level  Hunger
a - Flame Tongue          Conj/Fire      ###..        2%          1    #......
b - Throw Flame           Conj/Fire      ###...       4%          2    ##.....
c - Conjure Flame         Conj/Fire      ###.....     10%         3    ###....


Dungeon Overview and Level Annotations

Branches:
Dungeon (3/15)

Altars:


Innate Abilities, Weirdness & Mutations

You can fly.
You have a beak for a mouth.
You have claws for feet.


Message History

A bat is nearby!
You spend a moment contemplating the meaning of life.
A bat is nearby!
You spend a moment contemplating the meaning of life.
A bat is nearby!
You spend a moment contemplating the meaning of life.
A bat is nearby!
The bat hits you but does no damage.
You closely miss the bat. You claw the bat.
The bat explodes!
The fiery explosion engulfs you!
One of your 2 scrolls of identify catches fire!
Ouch! That really hurt!
* * * LOW HITPOINT WARNING * * *
You have reached level 5!
You have gained the ability to fly.
You are engulfed in roaring flames.
One of your 3 scrolls of remove curse catches fire!
Ouch! That really hurt!
You die...

#.##..#*#.#######.
#.#....,#.,, ,....
#.#####*#,,,,..#..
#.#,,,,,,,,,,....#
#.#,*****,****...*
#.#,* *,,,* *,,,*
##.#,* *,,,* *,,,,
#..#,* *,,,*****,,*
##@# * *,,,*,,,,,,,
#§#,* ***,*,***,*,
#§#,* *,*,* *,*,
#.#,* *,*,* *,*,
#.#,*****,*,***,*,
#.#,,,<,*,*,,,,,*,
*#.#****,*,*******,
*...,,,,,*,* *,
*###**** *,* *,


There were no monsters in sight!

Vanquished Creatures
  A hound (D:3)
  3 gnolls (D:2)
  A giant mite (D:1)
  A worm (D:2)
  2 oozes
  2 giant cockroaches
  4 hobgoblins
  A quokka (D:2)
  2 ball pythons
  9 bats
  A giant gecko (D:1)
  4 giant newts
  9 goblins
  4 kobolds
  7 rats
51 creatures vanquished.

Notes
Turn   | Place    | Note
--------------------------------------------------------------
     0 | D:1      | Kae, the Tengu Fire Elementalist, began the quest for the Orb.
     0 | D:1      | Reached XP level 1. HP: 10/10 MP: 3/3
    47 | D:1      | Reached XP level 2. HP: 15/15 MP: 0/5
   806 | D:1      | Reached XP level 3. HP: 19/19 MP: 7/7
   999 | D:2      | Reached skill level 4 in Fire Magic
  1365 | D:1      | Learned a level 2 spell: Throw Flame
  1369 | D:1      | Learned a level 3 spell: Conjure Flame
  1570 | D:2      | Reached XP level 4. HP: 24/24 MP: 1/8
  2400 | D:3      | Reached XP level 5. HP: 8/28 MP: 11/11
  2400 | D:3      | Engulfed by a cloud of flame

Action                   |  1- 3 |  4- 6 || total
-------------------------+-------+-------++-------
Melee: Unarmed           |    38 |    27 ||    65
 Cast: Flame Tongue      |    41 |    34 ||    75
       Throw Flame       |     5 |       ||     5
  Use: Scroll            |       |     7 ||     7
 Stab: Sleeping          |     1 |     1 ||     2
